 Dungeon Crawl Stone Soup version 0.31-a0-187-gba352fbbf7 (webtiles) character file.

Game seed: 16419732258656628057

39 qw the Shooter (level 3, 0/20 HPs)
             Began as a Deep Elf Hunter on June 22, 2023.
             Killed from afar by Sigmund (7 damage)
             ... with a magic dart
             ... on level 2 of the Dungeon.
             The game lasted 00:00:16 (564 turns).

qw the Shooter (Deep Elf Hunter)                     Turns: 564, Time: 00:00:17

Health: 0/20       AC:  3    Str: 10    XL:     3   Next: 28%
Magic:  5/5        EV: 12    Int: 13    God:
Gold:   57         SH:  0    Dex: 18    Spells: 2/2 levels left

rFire   . . .        Y - +1 shortbow
rCold   . . .        (shield currently unavailable)
rNeg    . . .        c - +0 leather armour
rPois   .            (no helmet)
rElec   .            (no cloak)
rCorr   .            (no gloves)
SInv    .            (no boots)
Will    .....        (no amulet)
Stlth   ++           (no ring)
HPRegen 0.23/turn    (no ring)
MPRegen 0.09/turn

%: no passive effects
@: no status effects
A: no striking features
a: no special abilities


You were on level 2 of the Dungeon.
You visited 1 branch of the dungeon, and saw 2 of its levels.

You collected 57 gold pieces.


   Skills:
 - Level 1.5 Fighting
 + Level 6.9 Ranged Weapons
 - Level 2.4 Dodging
 - Level 1.2 Stealth


You had 2 spell levels left.
You didn't know any spells.
Your spell library was empty.

Inventory:

Hand Weapons
 Y - a +1 shortbow (weapon)
Armour
 c - a +0 leather armour (worn)
Scrolls
 g - a scroll of identify
Potions
 d - a potion of ambrosia {unknown}
 e - 3 potions of haste {unknown}
 i - a potion of heal wounds {unknown}

Dungeon Overview and Level Annotations

Branches:
Dungeon (2/15)

Altars:

Annotations:
D:2 Sigmund


Message History

Enter note: You shoot an arrow.
The arrow hits the dart slug.
The dart slug is severely wounded.
Sigmund the Dreaded comes into view.
He is wielding a +0 scythe.
549 ||| Stepping ~*~*~tactically~*~*~ (outnumbered).
Sigmund shouts!
551 ||| Stepping ~*~*~tactically~*~*~ (outnumbered).
553 ||| Stepping ~*~*~tactically~*~*~ (outnumbered).
You shoot an arrow. The arrow hits the dart slug!
You kill the dart slug!
You shoot an arrow. The arrow hits Sigmund.
Sigmund is lightly wounded.
Sigmund hits you from afar with a +0 scythe!
You shoot an arrow. The arrow hits Sigmund.
Sigmund is moderately wounded.
Sigmund hits you but does no damage.
You shoot an arrow. The arrow closely misses Sigmund.
Sigmund barely misses you.
You shoot an arrow.
The arrow hits Sigmund but does no damage.
Sigmund is moderately wounded.
You shoot an arrow. The arrow hits Sigmund.
Sigmund is moderately wounded.
Sigmund closely misses you.
You shoot an arrow. The arrow hits Sigmund.
Sigmund is moderately wounded.
Sigmund barely misses you.
You shoot an arrow. The arrow hits Sigmund.
Sigmund is heavily wounded.
Sigmund hits you from afar with a +0 scythe!
563 ||| READING scroll labelled JEWNEC OQUFOSS.
As you read the scroll labelled JEWNEC OQUFOSS, it crumbles to dust.
It is a scroll of enchant weapon.
Your +0 shortbow glows red for a moment.
Enter note:
Enter note: Sigmund screams, "Die, monster!"
Sigmund casts a spell at you. The magic dart hits you!
You die...

.....# .. .....# ..
.....# .. .#
.########### .## .#
...........#
..####.####
##########.#
@......... #.#
#......... #.#
#......... #.#
#@........
#######)######........
#.....................
#.#####.#.......>.....
#.#.####.(...... #%#.#
#........ ..#.#
######### ###.# ..#


You could see Sigmund.

Vanquished Creatures
  3 dart slugs
  2 ball pythons (D:1)
  3 bats (D:1)
  5 endoplasms
  2 hobgoblins (D:1)
  3 jackals (D:2)
  5 kobolds
  A quokka (D:1)
  A frilled lizard (D:1)
  2 goblins (D:1)
  3 rats
30 creatures vanquished.

Notes
Turn   | Place    | Note
-------+----------+-------------------------------------------
     0 | D:1      | qw the Deep Elf Hunter began the quest for the Orb.
     0 | D:1      | Reached XP level 1. HP: 12/12 MP: 3/3
     0 | D:1      | 0 ||| qw: Version: 0.3-a-9-g12657ce
     0 | D:1      | 0 ||| qw: Game counter: 2551
     0 | D:1      | 0 ||| qw: Always use a shield: true
     0 | D:1      | 0 ||| qw: God list: Okawaru
     0 | D:1      | 0 ||| qw: Allow faded altars: false
     0 | D:1      | 0 ||| qw: Do Orc after D:15 true
     0 | D:1      | 0 ||| qw: Do second Lair branch before Depths: true
     0 | D:1      | 0 ||| qw: Lair rune preference: random
     0 | D:1      | 0 ||| qw: Plans: Normal
     0 | D:1      | 0 ||| PLANNING D:1-11
   158 | D:1      | Reached skill level 6 in Ranged Weapons
   158 | D:1      | Reached XP level 2. HP: 16/16 MP: 4/4
   430 | D:1      | 430 ||| READING scroll labelled QUOSHU HEXKY.
   431 | D:1      | 431 ||| READING 2 scrolls labelled CUNEAL TEIVEU.
   432 | D:1      | 432 ||| READING scroll labelled WEUCKIBEXT.
   433 | D:1      | 433 ||| READING scroll labelled KIDAWOULUC.
   436 | D:1      | 436 ||| DROPPING scroll of butterflies.
   498 | D:2      | Reached XP level 3. HP: 20/20 MP: 5/5
   548 | D:2      | Noticed Sigmund
   549 | D:2      | 549 ||| Stepping ~*~*~tactically~*~*~ (outnumbered).
   551 | D:2      | 551 ||| Stepping ~*~*~tactically~*~*~ (outnumbered).
   553 | D:2      | 553 ||| Stepping ~*~*~tactically~*~*~ (outnumbered).
   563 | D:2      | 563 ||| READING scroll labelled JEWNEC OQUFOSS.
   564 | D:2      | Killed from afar by Sigmund

Levels and vault maps discovered:
D:1:      mushboom_english_gardens, layout_rooms
D:2:      layout_basic, nicolae_ecumenical_lake_church, minmay_between,
          uniq_sigmund, uniq_natasha

Skill      XL: |  1 |
---------------+----+-----
Ranged Weapons | 6 |  6.9
Fighting       | |  1.5
Dodging        | |  2.4
Stealth        | |  1.2

Action                     || total
---------------------------++-------
   Fire: Shortbow          ||    56
    Use: Scroll            ||     5
 Armour: Leather armour    ||     2
  Dodge: Dodged            ||     6

Table legend:
 A = Non-vault XP
 B = Vault XP
 C = Vault XP percentage of total XP
 D = Non-vault monster count
 E = Vault monster count
 F = Vault count percentage of total count
                 A         B        C        D         E       F
            +---------+---------+-------+---------+---------+-------
      Total |      57 |       0 |   0.0 |      30 |       0 |   0.0
            +---------+---------+-------+---------+---------+-------
        D:1 |      35 |       0 |   0.0 |      20 |       0 |   0.0
        D:2 |      22 |       0 |   0.0 |      10 |       0 |   0.0
            +---------+---------+-------+---------+---------+-------
